 Dungeon Crawl Stone Soup version 0.29.1-15-g9cfb28693d (webtiles) character file.

Game seed: 16821777828290215119

69692 safid the Gelid (level 15, -4/126 HPs)
             Began as a Merfolk Ice Elementalist on Mar 10, 2023.
             Was a High Priest of Vehumet.
             Slain by a frost giant
             ... wielding a +2 battleaxe of freezing
              (21 damage)
             ... on level 11 of the Dungeon.
             The game lasted 01:04:23 (23417 turns).

safid the Gelid (Merfolk Ice Elementalist)         Turns: 23417, Time: 01:04:23

Health: -4/126     AC: 26    Str: 22    XL:     15   Next: 30%
Magic:  7/31       EV: 15    Int: 24    God:    Vehumet [*****.]
Gold:   176        SH: 15    Dex: 16    Spells: 11/38 levels left

rFire   + . .      SeeInvis +   P - +7 falchion of Mastery {venom, Will+ Str+5}
rCold   + . .      Faith    .   f - +6 kite shield "Peepsimu" {rN+ Str+5}
rNeg    + . .      Spirit   .   D - +2 robe {Will+}
rPois   .          Reflect  .   A - +2 helmet {Int+3}
rElec   .          Harm     .   M - +1 cloak
rCorr   .          Rampage  .   H - +2 pair of gloves
Will    ++++.                   G - +2 pair of boots
Stlth   ++........              O - amulet of regeneration
HPRegen 1.11/turn               g - ring of willpower
MPRegen 0.22/turn               m - ring of Xemiz {rF+ rC+ EV+4 Str+4 SInv}

@: ice-armoured, very slightly contaminated
A: (nimble swimmer 2), mertail, no potion heal 1
a: Renounce Religion


You were on level 11 of the Dungeon.
You worshipped Vehumet.
Vehumet was extremely pleased with you.
You visited 4 branches of the dungeon, and saw 19 of its levels.

You collected 1950 gold pieces.
You spent 1774 gold pieces at shops.

Inventory:

Hand Weapons
 P - the +7 falchion of Mastery (weapon) {venom, Will+ Str+5}
   (You found it on level 5 of the Lair of Beasts)

   It poisons the flesh of those it strikes.
   Str:       It affects your strength (+5).
   Will:      It increases your willpower.
Missiles
 d - 12 curare-tipped darts
 E - 5 throwing nets
Armour
 f - the +6 kite shield "Peepsimu" (worn) {rN+ Str+5}
   (You found it on level 11 of the Dungeon)

   Str:       It affects your strength (+5).
   rN:        It protects you from negative energy.
 A - a +2 helmet of intelligence (worn)
 D - a +2 robe of willpower (worn)
 G - a +2 pair of boots (worn)
 H - a +2 pair of gloves (worn)
 M - a +1 cloak (worn)
Jewellery
 g - a ring of willpower (left hand)
 m - the ring of Xemiz (right hand) {rF+ rC+ EV+4 Str+4 SInv}
   (You bought it in a shop on level 2 of the Orcish Mines)

   [ring of evasion]

   EV:        It affects your evasion (+4).
   Str:       It affects your strength (+4).
   rF:        It protects you from fire.
   rC:        It protects you from cold.
   SInv:      It lets you see invisible.
 q - the ring "Fudoow" {rN++ Dex+6}
   (You found it on level 11 of the Dungeon)

   [ring of dexterity]

   Dex:       It affects your dexterity (+6).
   rN:        It greatly protects you from negative energy.
 O - an amulet of regeneration (around neck)
Wands
 y - a wand of mindburst (30)
 z - a wand of iceblast (7)
 F - a wand of flame (28)
 I - a wand of paralysis (22)
 J - a wand of light (6)
Scrolls
 c - a scroll of enchant armour
 e - a scroll of brand weapon
 i - 3 scrolls of teleportation
 j - 2 scrolls of magic mapping
 k - 3 scrolls of fear
 n - 2 scrolls of silence
 r - a scroll of amnesia
 v - a scroll of fog
 w - 5 scrolls of enchant weapon
 L - a scroll of blinking
 N - a scroll of summoning
Potions
 a - 3 potions of cancellation {unknown}
 b - 3 potions of magic
 h - 2 potions of lignification {unknown}
 l - 2 potions of ambrosia {unknown}
 o - a potion of invisibility
 p - 4 potions of berserk rage {unknown}
 s - 3 potions of flight
 t - 2 potions of haste {unknown}
 u - 5 potions of might {unknown}
 B - 2 potions of mutation {unknown}
 K - 3 potions of brilliance {unknown}
Miscellaneous
 x - a phantom mirror


   Skills:
 + Level 14.1 Fighting
 - Level 3.0 Dodging
 - Level 2.1 Stealth
 * Level 3.3 Shields
 - Level 12.0 Spellcasting
 - Level 6.0 Conjurations
 - Level 12.0 Transmutations
 + Level 17.5 Ice Magic


You had 11 spell levels left.
You knew the following spells:

 Your Spells              Type           Power      Damage    Failure   Level
a - Ozocubu's Refrigerat  Ice            39%        4d16      2%          7
b - Frozen Ramparts       Ice            100%       1d16      1%          3
c - Ozocubu's Armour      Ice            78%        N/A       1%          3
d - Hailstorm             Conj/Ice       63%        3d13      1%          4
e - Irradiate             Conj/Tmut      27%        3d20      2%          5
f - Freezing Cloud        Conj/Ice/Air   25%        6-21      4%          5

Your spell library contained the following spells:

 Spells                   Type           Power      Damage    Failure   Level
 Orb of Destruction       Conj           21%        9d8       90%         7
 Freeze                   Ice            100%       1d11      0%          1
 Wereblood                Tmut           64%        N/A       1%          2
 Ignite Poison            Fire/Tmut/Pois 33%        N/A       2%          3
 Blade Hands              Tmut           32%        N/A       2%          5
 Mephitic Cloud           Conj/Pois/Air  24%        N/A       4%          3
 Iskenderun's Battlesphe  Conj           43%        2d9       9%          5
 Yara's Violent Unravell  Hex/Tmut       21%        3d10      9%          5
 Fulminant Prism          Conj/Hex       14%        3d9       11%         4
 Iskenderun's Mystic Bla  Conj/Tloc      28%        2d7       11%         4
 Petrify                  Tmut/Erth      43%        N/A       11%         4
 Sublimation of Blood     Necr           14%        N/A       21%         2
 Alistair's Intoxication  Tmut/Pois      28%        N/A       30%         5
 Portal Projectile        Hex/Tloc       28%        N/A       36%         3
 Tukima's Dance           Hex            14%        N/A       36%         3
 Eringya's Noxious Bog    Tmut/Pois      21%        N/A       38%         6
 Lee's Rapid Deconstruct  Erth           7%         3d7*      63%         5
 Passage of Golubria      Tloc           14%        N/A       78%         4
 Iron Shot                Conj/Erth      14%        9d4       78%         6
 Borgnjor's Vile Clutch   Necr/Erth      7%         N/A       98%         5
 Spellforged Servitor     Conj/Summ      14%        N/A       99%         7
 Summon Hydra             Summ           7%         N/A       100%        7


Dungeon Overview and Level Annotations

Branches:
Dungeon (11/15)            Temple (1/1) D:7            Lair (5/5) D:8
 Shoals (0/4) Lair:3       Spider (0/4) Lair:2        Slime (0/5) Lair:4
    Orc (2/2) D:10            Elf (0/3) Orc:2

Altars:
Ashenzari
Cheibriados
Dithmenos
Elyvilon
Fedhas
Gozag
Hepliaklqana
Kikubaaqudgha
Makhleb
Nemelex Xobeh
Okawaru
Qazlal
Ru
Sif Muna
Trog
Uskayaw
Vehumet
Wu Jian
Xom
Yredelemnul
Zin
The Shining One

Shops:
D:1 (   D:4 [   Orc:2 [=:

Annotations:
D:4 2 transporters, Farfigtubin's ghost, amateur HOFi
Lair:2 exclusion: oklob plant
Lair:4 1 runed translucent door


Innate Abilities, Weirdness & Mutations

((You are very nimble when in or above water. (Stealth+, EV+, Speed+++)))
Your lower body shifts to a powerful aquatic tail in water.
Potions are less effective at restoring your health.


Message History

The frost giant hits you with a +2 battleaxe of freezing!
The frost giant freezes you.
You hit the frost giant.
The frost giant looks as sick as possible!
The frost giant is heavily wounded.
The frozen ramparts melt away.
You block the frost giant's attack.
Unknown command.
You slash the frost giant!
The frost giant looks as sick as possible!
The frost giant is heavily wounded.
The frost giant hits you with a +2 battleaxe of freezing.
The frost giant points at you and mumbles some strange words.
The bolt of cold misses you.
Unknown command.
You hit the frost giant.
The frost giant looks as sick as possible!
The frost giant is heavily wounded.
The frost giant hits you but does no damage.
Unknown command.
You completely miss the frost giant.
The frost giant is heavily wounded.
The frost giant hits you with a +2 battleaxe of freezing!!
* * * LOW HITPOINT WARNING * * *
The frost giant freezes you.
* * * LOW HITPOINT WARNING * * *
Unknown command.
Casting: Ozocubu's Armour (safe; 1% risk of failure)
Confirm with . or Enter, or press ? or * to list all spells.
You miscast Irradiate.
You are very lightly contaminated with residual magic.
Nothing appears to happen.
The frost giant closely misses you.
Unknown command.
Casting: Irradiate (dangerous; 2% risk of failure)
Confirm with . or Enter, or press ? or * to list all spells.
You erupt in a fountain of uncontrolled magic!
The frost giant is blasted with magical radiation!!
The frost giant is severely wounded.
The frost giant twists and deforms.
The frost giant hits you with a +2 battleaxe of freezing!!
You die...

#..#####....##........##...#
#..# .###..#..#####..#..###
##..# ..##.#.##...##.#.##..
#...# ##..#...#.....#...#..#
#...# ##...##..'.....'..##...
#...# ...).#'##.....##'#....
#...# ...#).##...##..#))..
#...# ###C#...##'##..(#'###
#...# ##)#.@...#...#.....#)#
#...# #..#.....#...#.....#..
##...# ##..##...##...##...##..
#....# #....#####.....#####...
#....# #.)..'.............'..)
#....#########################
#.............................
#.......................######
#.......................#.....


You could see a frost giant (extremely poisoned, misshapen).

Vanquished Creatures
  Kirke (Lair:4)
  A tengu reaver (D:11)
  A fire giant (D:11)
  An eleionoma (shapeshifter) (D:11)
  Nessos (Orc:2)
  A deep elf annihilator (D:11)
  Josephine (D:10)
  Snorg (D:10)
  A yaktaur captain (D:11)
  Harold (Orc:1)
  3 hydras
  A merfolk avatar (Lair:5)
  21 death yaks
  4 two-headed ogres
  A centaur warrior (D:11)
  Sonja (Lair:4)
  3 orc high priests (Orc:2)
  Nergalle (Orc:1)
  A skeletal warrior (D:11)
  A sea snake (Lair:5)
  4 harpies (Lair:5)
  4 orc knights (Orc:2)
  5 orc sorcerers
  4 manticores
  2 cyclopes (D:11)
  3 ugly things
  Maurice (D:9)
  8 elephants
  3 black mambas
  Maggie (D:7)
  4 rime drakes
  7 cane toads
  A yaktaur (D:11)
  10 komodo dragons
  A troll (D:10)
  5 polar bears
  A meliai (D:11)
  2 hornets (Lair:5)
  2 wind drakes
  11 blink frogs
  Prince Ribbit (Lair:2)
  2 shadows
  A culicivora (Lair:2)
  6 wraiths (D:10)
  Sigmund (D:2)
  2 basilisks
  32 yaks
  A spriggan (Lair:3)
  4 wyverns
  5 hogs (Lair:4)
  4 steam dragons
  4 vampire mosquitoes (D:10)
  Menkaure (D:7)
  Grum (D:9)
  14 water moccasins
  18 orc warriors
  2 ice beasts
  3 sky beasts (D:7)
  A black bear (D:4)
  5 centaurs
  3 wolves (D:9)
  7 ogres
  2 phantoms (D:5)
  Blork the orc (D:6)
  11 bullfrogs
  4 kobold brigands
  2 necrophages
  3 scorpions
  3 gnoll sergeants
  12 killer bees
  An electric eel (Lair:2)
  A howler monkey (D:9)
  16 orc priests
  4 hounds
  2 jellies
  2 gnoll boudas (D:7)
  18 orc wizards
  2 iguanas
  Natasha (twice) (D:2)
  4 adders
  21 gnolls
  5 worms
  5 dart slugs
  50 orcs
  4 bats
  6 endoplasms
  2 giant cockroaches (D:3)
  6 goblins
  2 hobgoblins
  5 jackals
  21 kobolds
  2 quokkas
  6 ball pythons
  7 frilled lizards
  7 rats
483 creatures vanquished.

Vanquished Creatures (others)
  2 bushes
  28 fungi
  85 plants
115 creatures vanquished.

Grand Total: 598 creatures vanquished

Notes
Turn   | Place    | Note
-------+----------+-------------------------------------------
     0 | D:1      | safid the Merfolk Ice Elementalist began the quest for the
                  | Orb.
     0 | D:1      | Reached XP level 1. HP: 13/13 MP: 3/3
   398 | D:1      | Reached XP level 2. HP: 10/20 MP: 0/5
   597 | D:1      | Reached skill level 1 in Fighting
  1096 | D:1      | Found Lemneoco's Weapon Boutique.
  1131 | D:1      | Found a faded altar of an unknown god.
  1643 | D:2      | Reached XP level 3. HP: 26/26 MP: 2/6
  1684 | D:2      | Noticed Natasha
  1697 | D:2      | Killed Natasha
  1865 | D:2      | Noticed Sigmund
  1888 | D:2      | Reached skill level 5 in Ice Magic
  1888 | D:2      | Reached XP level 4. HP: 13/33 MP: 2/8
  1921 | D:1      | Learned a level 3 spell: Frozen Ramparts
  2506 | D:2      | Killed Sigmund
  2507 | D:2      | Reached XP level 5. HP: 30/41 MP: 0/10
  2979 | D:2      | Found a bloodstained altar of Trog.
  2994 | D:2      | Reached XP level 6. HP: 47/47 MP: 11/11
  3080 | D:2      | Noticed Natasha
  3093 | D:2      | Killed Natasha
  3349 | D:3      | Learned a level 3 spell: Ozocubu's Armour
  3354 | D:3      | Learned a level 4 spell: Hailstorm
  3653 | D:3      | Reached skill level 6 in Ice Magic
  3831 | D:3      | Found a broken altar of Ashenzari.
  4063 | D:3      | Found an opulent altar of Gozag.
  4066 | D:3      | Found a blossoming altar of Fedhas.
  4075 | D:3      | Found a shimmering altar of Xom.
  4282 | D:3      | Found a sparkling altar of Nemelex Xobeh.
  4382 | D:4      | Reached XP level 7. HP: 37/54 MP: 4/13
  4396 | D:4      | Found Mekhoot's Armour Boutique.
  4460 | D:4      | Found a transporter.
  4460 | D:4      | Noticed Farfigtubin's ghost (amateur HOFi)
  4465 | D:4      | Found a transporter.
  4722 | D:4      | Reached skill level 5 in Fighting
  4978 | D:4      | Reached skill level 5 in Spellcasting
  4978 | D:4      | Reached skill level 7 in Ice Magic
  4978 | D:4      | Reached XP level 8. HP: 37/62 MP: 5/15
  4984 | D:4      | Found a glowing drain.
  5384 | D:5      | Entered Level 5 of the Dungeon
  5780 | D:4      | Bought a +2 helmet of intelligence for 301 gold pieces
  6125 | D:5      | Found an ancient bone altar of Kikubaaqudgha.
  6687 | D:6      | Reached skill level 8 in Ice Magic
  6794 | D:6      | Noticed Blork the orc
  6818 | D:6      | Killed Blork the orc
  6819 | D:6      | Reached XP level 9. HP: 63/71 MP: 5/18
  7578 | D:7      | Noticed Menkaure
  7591 | D:7      | Killed Menkaure
  7725 | D:7      | Found a staircase to the Ecumenical Temple.
  7734 | Temple   | Entered the Ecumenical Temple
  7771 | Temple   | Became a worshipper of Vehumet
  7878 | D:7      | Noticed Maggie
  7891 | D:7      | Reached skill level 9 in Ice Magic
  7907 | D:7      | Killed Maggie
  8370 | D:7      | Learned a level 5 spell: Irradiate
  8391 | D:7      | Reached XP level 10. HP: 82/82 MP: 17/21
  8501 | D:7      | Reached skill level 1 in Transmutations
  8818 | D:8      | Reached skill level 1 in Conjurations
  8818 | D:8      | Reached skill level 10 in Ice Magic
  8839 | D:8      | Reached * piety under Vehumet
  8839 | D:8      | Offered knowledge of Magic Dart by Vehumet.
  8964 | D:8      | Found a staircase to the Lair.
 10154 | D:9      | Noticed Grum
 10166 | D:9      | Killed Grum
 10216 | D:9      | Offered knowledge of Sandblast by Vehumet.
 10418 | D:9      | Reached ** piety under Vehumet
 10578 | D:9      | Reached skill level 5 in Transmutations
 10710 | D:9      | Noticed Maurice
 10761 | D:9      | Killed Maurice
 10762 | D:9      | Reached XP level 11. HP: 77/90 MP: 11/23
 10853 | D:9      | Noticed a brown ugly thing
 10862 | D:9      | Killed a brown ugly thing
 11064 | D:10     | Entered Level 10 of the Dungeon
 11192 | D:10     | Noticed Snorg
 11213 | D:10     | Killed Snorg
 11214 | D:10     | Reached skill level 10 in Fighting
 11214 | D:10     | Reached skill level 11 in Ice Magic
 11568 | D:10     | Found a staircase to the Orcish Mines.
 11826 | D:10     | Noticed a two-headed ogre
 11842 | D:10     | Killed a two-headed ogre
 11901 | D:10     | Offered knowledge of Poisonous Vapours by Vehumet.
 12536 | D:10     | Noticed a two-headed ogre
 12546 | D:10     | Killed a two-headed ogre
 12797 | D:10     | Noticed Josephine
 12809 | D:10     | Killed Josephine
 13342 | Lair:1   | Entered Level 1 of the Lair of Beasts
 13342 | Lair:1   | Noticed a five-headed hydra
 13360 | Lair:1   | Killed a five-headed hydra
 13374 | Lair:1   | Reached XP level 12. HP: 89/99 MP: 17/25
 13884 | Lair:1   | You fall into a shaft and drop 1 floor!
 13886 | Lair:2   | Noticed Prince Ribbit
 13890 | Lair:2   | Reached skill level 5 in Conjurations
 13892 | Lair:2   | Killed Prince Ribbit
 13893 | Lair:2   | Reached *** piety under Vehumet
 13898 | Lair:2   | Reached skill level 12 in Ice Magic
 15468 | Lair:2   | Offered knowledge of Dazzling Flash by Vehumet.
 15501 | Lair:2   | Learned a level 5 spell: Freezing Cloud
 15563 | Lair:2   | Reached skill level 10 in Spellcasting
 15869 | Lair:2   | Found a hole to the Spider Nest.
 16564 | Lair:3   | Found a staircase to the Shoals.
 17170 | Lair:4   | Noticed a five-headed hydra
 17171 | Lair:4   | Noticed Sonja
 17181 | Lair:4   | Killed a five-headed hydra
 17226 | Lair:4   | Killed Sonja
 17365 | Lair:4   | Found a runed translucent door.
 17487 | Lair:4   | Noticed a death yak
 17487 | Lair:4   | Noticed a death yak
 17488 | Lair:4   | Noticed a death yak
 17489 | Lair:4   | Noticed a death yak
 17490 | Lair:4   | Noticed a death yak
 17493 | Lair:4   | Noticed Kirke
 17496 | Lair:4   | Killed a death yak
 17497 | Lair:4   | Reached XP level 13. HP: 78/108 MP: 11/27
 17498 | Lair:4   | Reached skill level 13 in Ice Magic
 17865 | Lair:4   | Killed Kirke
 17866 | Lair:4   | Reached skill level 10 in Transmutations
 18027 | Lair:4   | Found a staircase to the Slime Pits.
 18043 | Lair:4   | Reached **** piety under Vehumet
 18230 | Lair:5   | Entered Level 5 of the Lair of Beasts
 18258 | Lair:5   | Offered knowledge of Inner Flame by Vehumet.
 18299 | Lair:5   | Found the +5 glaive of the Guard {elec, spectral, AC+5}
 18366 | Lair:5   | Reached skill level 14 in Ice Magic
 18527 | Lair:5   | Paralysed by a hornet for 1 turns
 18567 | Lair:5   | Paralysed by a hornet for 2 turns
 18575 | Lair:5   | Reached skill level 15 in Ice Magic
 18578 | Lair:5   | Reached XP level 14. HP: 41/115 MP: 22/30
 18585 | Lair:5   | Gained mutation: Potions are less effective at restoring
                  | your health. [mutagenic glow]
 18713 | Lair:5   | Reached ***** piety under Vehumet
 18714 | Lair:5   | Reached skill level 16 in Ice Magic
 18718 | Lair:5   | Offered knowledge of Orb of Destruction by Vehumet.
 18780 | Lair:5   | Found a stormy altar of Qazlal.
 18964 | Lair:5   | Identified the +6 trident of Indomitability {drain, rC++
                  | Str+2 Dex+2}
 18969 | Lair:5   | Identified the +7 falchion of Mastery {venom, Will+ Str+5}
 19630 | Orc:1    | Entered Level 1 of the Orcish Mines
 19715 | Orc:2    | Entered Level 2 of the Orcish Mines
 20011 | Orc:2    | Found a shimmering altar of Xom.
 20363 | Orc:2    | Found a staircase to the Elven Halls.
 20693 | Orc:2    | Found Dideibb's Jewellery Shop.
 20693 | Orc:2    | Found Reosonn's Antique Armour Emporium.
 20742 | Orc:2    | Found Zoywulah's Book Shop.
 20742 | Orc:2    | Found Ryreom's Antique Weapon Emporium.
 20805 | Orc:2    | Noticed Nessos
 21076 | Orc:2    | Killed Nessos
 21280 | Orc:1    | Noticed Nergalle
 21289 | Orc:1    | Killed Nergalle
 21304 | Orc:1    | Noticed Harold
 21318 | Orc:1    | Killed Harold
 21319 | Orc:1    | Reached skill level 17 in Ice Magic
 21948 | Orc:2    | Bought the ring of Xemiz {rF+ rC+ EV+4 Str+4 SInv} for 1113
                  | gold pieces
 21956 | Orc:2    | Bought Ozocubu's Autobiography for 360 gold pieces
 21965 | Orc:2    | Learned a level 7 spell: Ozocubu's Refrigeration
 22061 | D:11     | Reached XP level 15. HP: 122/122 MP: 11/31
 22754 | D:11     | Identified the +6 kite shield "Peepsimu" {rN+ Str+5}
 22861 | D:11     | Reached skill level 1 in Shields
 22902 | D:11     | Noticed a tengu reaver
 22909 | D:11     | Killed a tengu reaver
 23030 | D:11     | Identified the ring "Fudoow" {rN++ Dex+6}
 23109 | D:11     | Noticed an azure jelly
 23109 | D:11     | a death yak changed into an azure jelly
 23112 | D:11     | an azure jelly changed into an eleionoma
 23248 | D:11     | Noticed a fire giant
 23254 | D:11     | Killed a fire giant
 23402 | D:11     | Noticed a frost giant
 23417 | D:11     | Slain by a frost giant

Illustrated notes

Levels and vault maps discovered:
D:1:      eino_arrival_cavern_d, layout_loops_ring, serial_shops,
          shop_fountains, ebering_ecumenical_altar_rust
D:2:      layout_basic, basic_altar, minmay_tromino_v2, uniq_natasha,
          uniq_sigmund
D:3:      layout_basic, nemelex_dance_club_becter,
          nicolae_overflow_hidden_temple, mainiacjoe_overflow_catwalk_spiral,
          st_stairs_8, glass_columns_c, kennysheep_generic_room_11
D:4:      layout_cave_pools, cheibrodos_sewer_entry_bend,
          gammafunk_ghost_mausoleum, serial_shops, nicolae_shop_hallway_stairs,
          kennysheep_minor_cross
D:5:      layout_basic, mainiacjoe_overflow_surrounded_room,
          wad_floor_pattern_untrapped, grunt_decor_mini_mirrors
D:6:      layout_basic, uniq_blork_the_orc
D:7:      layout_loops_ring, minmay_temple_entry_mist, due_unseen_surprise,
          uniq_maggie, uniq_menkaure
D:8:      layout_loops_cross, minmay_lair_entry_grove
D:9:      layout_small_grid, lightli_orcish_oven, uniq_grum, uniq_maurice
D:10:     layout_irregular_city, orc_0_dummy, minivault_24, uniq_josephine,
          uniq_snorg
D:11:     minmay_box_of_curves, layout_irregular_city
Temple:   nicolae_temple_superstar
Lair:1:   layout_cave_pods, serial_forest, infiniplex_forest_clump_diagonal,
          infiniplex_forest_end_3, infiniplex_forest_end_1,
          infiniplex_forest_straight_2, infiniplex_forest_straight_4,
          infiniplex_forest_lined_2, infiniplex_forest_clump_long,
          infiniplex_forest_clump_curved
Lair:2:   layout_regular_city, spider_nest_entry_rubble, beast_lair_carwin_8,
          grunt_megastairs_2, infiniplex_staircase_pool, uniq_prince_ribbit2
Lair:3:   layout_chaotic_city, minmay_shoals_entry_beasts, wad_woods_03
Lair:4:   layout_roguey, slime_entry_2, chequers_serial_rivers_small_a,
          uniq_kirke, uniq_sonja
Lair:5:   gammafunk_lair_ancient_temple, layout_misc_corridors, basic_altar,
          small_statue_intersection, lemuel_fruit_tree
Orc:1:    layout_diamond_mine, uniq_harold, uniq_nergalle
Orc:2:    grunt_orc_tribal_feast, layout_diamond_mine, basic_altar, uniq_nessos

Skill      XL: |  1  2  3  4  5  6  7  8  9 10 11 12 13 14 15 |
---------------+----------------------------------------------+-----
Fighting       | 1 2 3 4 5 6 8 9 10 12 13 14 | 14.1
Ice Magic      | 5 6 7 8 9 10 11 12 15 17 | 17.5
Spellcasting   | 3 4 5 6 7 8 9 10 12 | 12.0
Transmutations | 5 7 8 10 12 | 12.0
Conjurations   | 3 4 6 |  6.0
Dodging        | 3 |  3.0
Shields        | 3 |  3.3
Stealth        | |  2.1

Action                   |  1- 3 |  4- 6 |  7- 9 | 10-12 | 13-15 || total
-------------------------+-------+-------+-------+-------+-------++-------
Melee: Unarmed           |    18 |       |       |       |       ||    18
       Short sword       |    56 |   117 |   141 |       |       ||   314
       Punch             |       |     3 |     5 |     5 |     5 ||    18
       Tailslap          |       |     3 |       |     1 |     1 ||     5
       Dagger            |       |       |   171 |   587 |    83 ||   841
       Glaive            |       |       |       |       |    38 ||    38
       Falchion          |       |       |       |       |   237 ||   237
 Cast: Freeze            |    23 |    39 |    23 |    22 |     3 ||   110
       Frozen Ramparts   |       |     4 |    33 |    75 |    70 ||   182
       Ozocubu's Armour  |       |     1 |    22 |    47 |    44 ||   114
       Hailstorm         |       |       |       |    10 |    33 ||    43
       Irradiate         |       |       |       |       |    21 ||    21
       Freezing Cloud    |       |       |       |       |     2 ||     2
       Ozocubu's Refrige |       |       |       |       |    13 ||    13
Evoke: Wand              |       |       |       |       |     5 ||     5
  Use: Potion            |       |       |     2 |     3 |    14 ||    19
       Scroll            |       |       |       |    18 |     7 ||    25
 Stab: Sleeping          |     5 |     2 |     1 |       |     1 ||     9
       Distracted        |     1 |       |       |       |       ||     1
       Invisible         |       |       |     1 |       |       ||     1
Armor: Robe              |    20 |    17 |   115 |   291 |   298 ||   741
Dodge: Dodged            |    73 |    88 |   183 |   490 |   330 ||  1164
Block: Kite shield       |       |       |       |       |    40 ||    40
